I try again now, chaotic male orcish Priest +# # y # # @ ### #----- #..<^. |...| |...| |...| ----- I try again now the Acolyte Experience level: 4 Strength: 12 Dexterity: 14 Constitution: 15 Intelligence: 8 Wisdom: 16 Charisma: 13 Health: 0(30) Energy: 27(27) Def: 10 Gold: 134 Moves: 1813 Dungeon seed: JooKFcgKB8tXrUb6 Game ID: I try again now_1547904448 Your Inventory: Coins $ - 134 gold pieces Weapons a - a blessed +1 mace (weapon in hand) Armor e - a blessed +0 robe (being worn) n - an uncursed +0 orcish shield (being worn) q - an uncursed +0 chain mail (being worn) r - a cursed -1 pair of fumble boots y - an uncursed +0 pair of high boots (being worn) Comestibles c - an uncursed clove of garlic d - an uncursed sprig of wolfsbane i - 2 uncursed tripe rations j - an uncursed pancake l - 4 uncursed lichen corpses p - an uncursed egg x - 3 uncursed food rations Scrolls k - an uncursed scroll of magic mapping v - an uncursed scroll of food detection w - a blessed scroll of destroy armor Spellbooks z - an uncursed spellbook of extra healing Potions b - 4 potions of holy water o - an uncursed potion of gain ability u - a cursed potion of enlightenment A - a cursed potion of confusion Wands m - an uncursed wand of lightning (0:2) Tools h - an uncursed oil lamp (0:1272) t - an uncursed towel Spells and supernatural/magical abilities: Name Level Category Cost Memory I - identify 2 divination 2000pw 99% O - summoning 2 clerical 125pw 99% W - pray for help -- divine ? -- X - turn undead -- divine ? -- Your skills at the end: Fighting Skills wands [Basic] Weapon Skills mace [Basic] Spellcasting Skills clerical spells [Basic] Final Attributes: You were piously aligned. You were immune to poison. You were blinded. You had infravision. You were lucky. Anhur was noncommittal. You are dead. Vanquished creatures: a bugbear 2 shriekers 3 giant ants a little dog a kobold shaman a centipede an acid blob a giant rat a yellow mold 8 jackals 4 sewer rats 3 grid bugs 4 bats 4 lichens 4 newts 39 creatures vanquished. Voluntary challenges: You were an atheist. You used a wielded weapon 51 times, starting on turn 64. You read items or engraved 9 times, starting on turn 1166. You never genocided any monsters. You never polymorphed an object. You never changed form. You used no wishes. You never split a pudding. You never wrote Elbereth's name. You never violated your personal moral code. Dungeon overview: The Dungeons of Doom: levels 1 to 6 Level 1 a long staircase Level 2 an altar to Anhur, some fountains a long staircase Level 3 a general store, a fountain Level 4 Level 5 many fountains Level 6 <- You were here a vault History has recorded: On T:1 you entered the Dungeons of Doom to retrieve the Amulet of Yendor! On T:298 you reached level 2 of The Dungeons of Doom. On T:793 you reached level 3 of The Dungeons of Doom. On T:805 you advanced to experience level 2. On T:1078 you advanced to experience level 3. On T:1178 you reached level 4 of The Dungeons of Doom. On T:1519 you reached level 5 of The Dungeons of Doom. On T:1576 you advanced to experience level 4. On T:1800 you reached level 6 of The Dungeons of Doom. Score breakdown: Gold: 134 ( 7246 points) Experience: 4 levels ( 9649 points) Exploration: 6 levels ( 13.04%) (10000 points) Discoveries: 6 items ( 2.07%) ( 4315 points) Valuables value: (no points given unless you survive) Artifact value: 0 ( 0 points) Variety of kills: 15 monsters ( 3.95%) ( 5960 points) Turncount: 1813 turns ( 0 points) Survival: died (score multiplied by 80%) Total score: 29736 Latest messages: You hit it. It hits! You miss it. It hits! You hit it. It hits! You can see again. Please move the cursor to an unknown object. A bugbear [seen: normal vision, infravision] on the floor of a room. Done. A - a cursed brilliant blue potion. You hear someone counting money. This level must be housing a vault. The bolt of lightning hits the bugbear! The bugbear is blinded by the flash! The bugbear is killed by the bolt of lightning! The bolt of lightning hits you! You are blinded by the flash! You die... Final status: Goodbye I try again now the Priest, killed by a bolt of lightning... You died in The Dungeons of Doom on dungeon level 6 with 29736 points, and 134 pieces of gold, after 1813 moves. You were level 4 with a maximum of 30 hit points when you died.